 Dungeon Crawl Stone Soup version 0.30.1-4-g462c640d31 (webtiles) character file.

Game seed: 11832293335945957185

123 Janerl the Chopper (level 4, -2/41 HPs)
             Began as a Minotaur Berserker on Sept 15, 2023.
             Was a Believer of Trog.
             Killed from afar by Natasha (9 damage)
             ... with a magic dart
             ... on level 3 of the Dungeon.
             The game lasted 00:06:02 (1709 turns).

Janerl the Chopper (Minotaur Berserker)             Turns: 1709, Time: 00:06:03

Health: -2/41      AC:  2    Str: 22    XL:     4   Next: 79%
Magic:  3/3        EV: 12    Int:  4    God:    Trog [**....]
Gold:   123        SH:  0    Dex: 11    Spells: 3/3 levels left

rFire   . . .        i - +2 short sword (venom)
rCold   . . .        (no shield)
rNeg    . . .        b - +0 animal skin
rPois   .            (helmet restricted)
rElec   .            (no cloak)
rCorr   .            (no gloves)
SInv    .            (no boots)
Will    .....        (no amulet)
Stlth   +            (no ring)
HPRegen 0.26/turn    (no ring)
MPRegen 0.08/turn

%: no passive effects
@: no status effects
A: horns 2, retaliatory headbutt
a: Renounce Religion, Berserk, Trog's Hand


You were on level 3 of the Dungeon.
You worshipped Trog.
Trog was pleased with you.
You visited 1 branch of the dungeon, and saw 3 of its levels.

You collected 123 gold pieces.

Inventory:

Hand Weapons
 a - a +0 hand axe
 e - a +2 dagger of venom
 f - a +1 whip of electrocution
 i - a +2 short sword of venom (weapon)
Missiles
 q - 8 poisoned darts (quivered)
Armour
 b - a +0 animal skin (worn)
Scrolls
 c - a scroll of enchant armour {unknown}
 d - a scroll of identify {unknown}
 j - a scroll of enchant weapon {unknown}
 m - 2 scrolls of noise {unknown}
 o - a scroll of butterflies {unknown}
 p - a scroll of fog {unknown}
Potions
 g - a potion of magic {unknown}
 h - a potion of mutation {unknown}
 k - a potion of curing {unknown}
 l - a potion of degeneration {unknown}
 n - a potion of brilliance
 r - a potion of lignification {unknown}


   Skills:
 + Level 4.6 Fighting
 + Level 0.9 Short Blades
 + Level 4.6(4.7) Axes
 + Level 0.9(3.0) Maces & Flails
 + Level 2.9 Armour
 + Level 3.0 Dodging
 + Level 0.9 Stealth


You had 3 spell levels left.
You didn't know any spells.
Your spell library was empty.

Dungeon Overview and Level Annotations

Branches:
Dungeon (3/15)

Altars:
Wu Jian

Annotations:
D:3 Natasha


Innate Abilities, Weirdness & Mutations

You have a pair of horns on your head.
You reflexively headbutt those who attack you in melee.


Message History

The cerulean imp shouts!
Natasha stares at you and mumbles some strange words.
The magic dart hits you!
You hit Natasha.
Natasha is poisoned.
Natasha is moderately wounded.
Natasha barely misses you. You furiously retaliate!
You headbutt Natasha, but do no damage. You closely miss Natasha.
Natasha is moderately wounded.
The cerulean imp hits you from afar with a +0 spear.
Natasha stares at you and mumbles some strange words.
The magic dart hits you!
You barely miss Natasha. Your headbutt misses Natasha.
You punch Natasha, but do no damage.
Natasha is heavily wounded.
The cerulean imp hits you from afar with a +0 spear.
Natasha completely misses you.
You barely miss Natasha.
Natasha is heavily wounded.
A ball python comes into view.
The cerulean imp hits you but does no damage.
Natasha casts a spell at you. The magic dart hits you!
Press: ? - help, v - describe, . - travel
Here: Natasha, carrying a wand of polymorph (8) (heavily wounded, spells empowered, very poisoned)
The floor.
You barely miss Natasha.
Natasha is heavily wounded.
The cerulean imp barely misses you. Natasha claws you.
* * * LOW HITPOINT WARNING * * *
You miss Natasha.
Natasha is heavily wounded.
The ball python hisses angrily.
The cerulean imp hits you from afar with a +0 spear.
* * * LOW HITPOINT WARNING * * *
Natasha mumbles some strange words.
Natasha's front paws start to glow.
Natasha stares at you and mumbles some strange words.
The magic dart hits you!
You die...

#..# #.#.#.#.........
#.[....#.#.#..≈≈≈≈≈≈≈
##.
#.#.#.....≈≈≈≈≈≈..
#...
#..#...#.≈≈_....8
..###.......≈≈≈≈≈≈..
#.#.†.#.##..≈≈≈≈≈≈≈
#.#....##.†.......
#.##...###...#.#.#
#@##...###..##...#
#.h5.......#####.#
####...######.....
#...# #.##..
#...######.##..
#..............
...........##.#
##.............#
##.############


You could see Natasha (empowered, very poisoned) and a cerulean imp (summoned).

Vanquished Creatures
  Natasha (D:3)
  2 gnolls
  3 adders
  A worm (D:2)
  5 endoplasms
  3 giant cockroaches
  5 goblins
  5 hobgoblins
  7 ball pythons
  6 bats
  3 frilled lizards
  6 kobolds
  2 rats
49 creatures vanquished.

Notes
Turn   | Place    | Note
-------+----------+-------------------------------------------
     0 | D:1      | Janerl the Minotaur Berserker began the quest for the Orb.
     0 | D:1      | Reached XP level 1. HP: 19/19 MP: 0/0
    60 | D:1      | Found a faded altar of an unknown god.
   241 | D:1      | Reached XP level 2. HP: 26/27 MP: 1/1
   789 | D:2      | Reached XP level 3. HP: 33/33 MP: 2/2
   962 | D:2      | Reached ** piety under Trog
  1240 | D:2      | Reached XP level 4. HP: 41/41 MP: 3/3
  1583 | D:3      | Noticed Natasha
  1592 | D:3      | Killed Natasha
  1649 | D:3      | Found an ornate altar of the Wu Jian Council.
  1696 | D:3      | Noticed Natasha
  1709 | D:3      | Killed from afar by Natasha

Illustrated notes

Levels and vault maps discovered:
D:1:      dpeg_arrival_stone_temple_mockup, layout_loops_ring,
          ebering_ecumenical_altar_webs
D:2:      layout_basic, minmay_octomino_j4
D:3:      layout_loops_ring, mainiacjoe_overflow_catwalk,
          chequers_serial_rivers_small_3, uniq_natasha

Skill      XL: |  1  2  3  4 |
---------------+-------------+-----
Axes           | 4 |  4.6
Fighting       | 4 |  4.6
Dodging        | 3 |  3.0
Short Blades   | |  0.9
Maces & Flails | |  0.9
Armour         | |  2.9
Stealth        | |  0.9

Action                     |  1- 3 |  4- 6 || total
---------------------------+-------+-------++-------
  Melee: Hand axe          |    20 |       ||    20
         Headbutt          |    10 |     2 ||    12
         Whip              |    34 |       ||    34
         Short sword       |    15 |    29 ||    44
         Punch             |       |     1 ||     1
    Use: Potion            |       |     1 ||     1
   Stab: Sleeping          |       |     2 ||     2
 Armour: Animal skin       |    15 |     3 ||    18
  Dodge: Dodged            |    58 |    22 ||    80
